 Dungeon Crawl Stone Soup version 0.30-a0-266-g2b27a225a3 (webtiles) character file.

Game seed: 4197993997750706438

350 MrRokkomies the Sneak (level 6, -6/56 HPs)
             Began as an Armataur Delver on Oct 14, 2022.
             Mangled by an ogre
             ... wielding a +0 giant club
              (29 damage)
             ... on level 3 of the Dungeon.
             The game lasted 00:03:26 (2222 turns).

MrRokkomies the Sneak (Armataur Delver)             Turns: 2222, Time: 00:03:27

Health: -6/56      AC:  8    Str: 17    XL:     6   Next: 33%
Magic:  6/6        EV:  8    Int: 10    God:
Gold:   112        SH:  0    Dex: 14    Spells: 5/5 levels left

rFire   + . .      SeeInvis .    a - +0 mace
rCold   . . .      Faith    .    (no shield)
rNeg    . . .      Spirit   .    q - +1 scale mail
rPois   .          Reflect  .    (no helmet)
rElec   .          Harm     .    (no cloak)
rCorr   .          Roll     +    (no gloves)
Will    .....                    (no barding)
Stlth   ++........               (no amulet)
HPRegen 0.29/turn                n - ring of protection from fire
MPRegen 0.10/turn                (no ring)

@: no status effects
A: large, rugged brown scales 3, deformed body, armoured tail, roll, long
tongue, awkward tongue
a: no special abilities


You were on level 3 of the Dungeon.
You visited 1 branch of the dungeon, and saw 5 of its levels.

You collected 112 gold pieces.

Inventory:

Hand Weapons
 a - a +0 mace (weapon)
Missiles
 l - a throwing net (quivered)
Armour
 q - a +1 scale mail (worn)
Jewellery
 n - a ring of protection from fire (left hand)
Wands
 g - a wand of digging (3)
 o - a wand of mindburst (3)
Scrolls
 c - 2 scrolls of fog
 d - 2 scrolls of magic mapping
 e - a scroll of fear
 h - a scroll of summoning {unknown}
Potions
 b - a potion of mutation {unknown}
 f - 2 potions of haste
 j - a potion of brilliance
 k - a potion of flight
 m - a potion of lignification {unknown}


   Skills:
 * Level 4.5 Fighting
 - Level 1.7 Maces & Flails
 * Level 4.7 Armour
 - Level 1.3 Dodging
 + Level 6.5 Stealth


You had 5 spell levels left.
You didn't know any spells.
Your spell library contained the following spells:

 Spells                   Type           Power      Damage    Failure   Level
 Beastly Appendage        Tmut           0%         N/A       77%         1
 Freeze                   Ice            0%         1d3       77%         1
 Sandblast                Erth           0%         2d4       77%         1
 Passwall                 Tmut/Erth      0%         N/A       88%         2
 Wereblood                Tmut           0%         N/A       88%         2
 Call Canine Familiar     Summ           0%         N/A       98%         3
 Frozen Ramparts          Ice            0%         1d1       98%         3
 Gell's Gravitas          Tloc           0%         N/A       98%         3
 Hailstorm                Conj/Ice       0%         3d3       98%         3
 Lesser Beckoning         Tloc           0%         N/A       98%         3
 Portal Projectile        Hex/Tloc       0%         N/A       98%         3
 Spider Form              Tmut/Pois      0%         N/A       98%         3
 Stone Arrow              Conj/Erth      0%         3d7       98%         3
 Teleport Other           Tloc           0%         N/A       98%         3
 Leda's Liquefaction      Hex/Erth       0%         N/A       100%        4


Dungeon Overview and Level Annotations

Branches:
Dungeon (5/15)
 Temple: D:4-7

Altars:


Innate Abilities, Weirdness & Mutations

You are completely covered in rugged brown scales. (AC +3, +7% HP)
Armour fits poorly on your strangely shaped body.
You have a long armoured tail.
You roll when moving toward enemies. (Rampage)
Your long tongue fully drains potion bottles. (2x potion effects)
Your tongue gives you trouble enunciating. (1.5x scroll delay)


Message History

The ogre closely misses you.
There is an open door here.
The kobold shouts!
You sock the ogre!
The ogre is moderately wounded.
The ogre hits you with a +0 giant club.
You hit the ogre.
The ogre is heavily wounded.
The ogre completely misses you.
You hit the ogre.
You tail-slap the ogre, but do no damage.
The ogre is severely wounded.
The ogre barely misses you.
You hit the ogre.
The ogre is severely wounded.
The kobold barely misses you.
You hit the ogre.
The ogre is severely wounded.
The kobold hits you but does no damage. The ogre hits you with a +0 giant club!
The kobold hits you but does no damage.
You barely miss the ogre.
The ogre is severely wounded.
The ogre hits you with a +0 giant club! The kobold barely misses you.
You are too injured to fight recklessly!
You are too injured to fight recklessly!
You are too injured to fight recklessly!
You closely miss the ogre.
You tail-slap the ogre, but do no damage.
The ogre is severely wounded.
The kobold hits you but does no damage. x2; The ogre closely misses you.
You barely miss the ogre. You tail-slap the ogre.
The ogre is severely wounded.
The kobold hits you but does no damage. The kobold hits you with a +0 whip.
The ogre hits you with a +0 giant club!
The kobold hits you but does no damage. x2
You hit the ogre.
Your tail-slap misses the ogre.
The ogre is almost dead.
The kobold closely misses you.
The ogre hits you with a +0 giant club!!
Ouch! That really hurt!
You die...

#.......##..## ......
#.......##.... .....
#....##....#.. ....
#....##.####.. #...
#.........##.# #...
###....[..##+# #...
#........... #..K####
#.#####.....
#..K@..###'#.........
#..O#................
#...#................
.....#................
.......#.......#########
....####.......# ....
#.......# ... #########


You could see an ogre and 2 kobolds.

Vanquished Creatures
  Grinder (D:3)
  A hound (D:4)
  An orc wizard (D:3)
  4 adders
  2 dart slugs
  A worm (D:3)
  5 orcs (D:3)
  5 ball pythons
  2 endoplasms
  2 giant cockroaches (D:2)
  5 goblins
  9 hobgoblins
  3 quokkas
  3 bats (D:1)
  6 kobolds
50 creatures vanquished.

Notes
Turn   | Place    | Note
-------+----------+-------------------------------------------
     0 | D:5      | MrRokkomies the Armataur Delver began the quest for the
                  | Orb.
     0 | D:5      | Reached XP level 1. HP: 19/19 MP: 1/1
    15 | D:4      | Noticed a hound
    36 | D:4      | Killed a hound
    37 | D:4      | Reached XP level 2. HP: 3/27 MP: 2/2
    37 | D:4      | Reached XP level 3. HP: 3/33 MP: 3/3
  1261 | D:2      | Reached XP level 4. HP: 33/40 MP: 4/4
  1662 | D:2      | Reached skill level 6 in Stealth
  1875 | D:3      | Noticed Grinder
  1875 | D:3      | Paralysed by Grinder for 5 turns
  1889 | D:3      | Killed Grinder
  1890 | D:3      | Reached XP level 5. HP: 40/50 MP: 5/5
  1890 | D:3      | Reached XP level 6. HP: 44/56 MP: 6/6
  2222 | D:3      | Mangled by an ogre

Illustrated notes

Levels and vault maps discovered:
D:1:      co_arrival_random_square_maze, layout_basic
D:2:      layout_loops_ring, minivault_11, minmay_pentomino_x2
D:3:      layout_basic, uniq_grinder
D:4:      layout_layer_cave, vehumet_altar_wand_db, minmay_temple_entry_arrows
D:5:      layout_loops_ring, kennysheep_ying_yang, lemuel_coloured_pillars_altar

Skill      XL: |  1  2  3  4 |
---------------+-------------+-----
Fighting       | 3 4 |  4.5
Armour         | 2 4 |  4.7
Stealth        | 6 |  6.5
Maces & Flails | |  1.7
Dodging        | |  1.3

Action                   |  1- 3 |  4- 6 || total
-------------------------+-------+-------++-------
Melee: Mace              |    71 |   101 ||   172
       Tailslap          |     7 |    11 ||    18
       Punch             |     1 |     1 ||     2
Evoke: Wand              |       |     4 ||     4
  Use: Scroll            |       |     5 ||     5
       Potion            |       |     1 ||     1
 Stab: Sleeping          |    12 |     2 ||    14
       Distracted        |       |     1 ||     1
Armor: Leather armour    |    18 |       ||    18
       Scale mail        |       |    78 ||    78
Dodge: Dodged            |    26 |    70 ||    96

Table legend: (Time is in decaauts)
 A = Elapsed time spent in this place.
 B = Non-inter-level travel time spent in this place.
 C = Inter-level travel time spent in this place.
 D = Time resting spent in this place.
 E = Time spent auto-exploring this place.
 F = Levels seen in this place.
 G = Mean time per level.
                   A        B        C        D        E       F      G
               +--------+--------+--------+--------+--------+-----+--------+
         Total |   2276 |   2196 |     80 |    201 |   1559 |   5 |  455.2 |
       Dungeon |   2276 |   2196 |     80 |    201 |   1559 |   5 |  455.2 |
               +--------+--------+--------+--------+--------+-----+--------+

Top non-repeatable levels by time:
     D:2: 853 daAuts
     D:1: 768 daAuts
     D:3: 480 daAuts
     D:4: 145 daAuts
     D:5: 28 daAuts
